 Dungeon Crawl Stone Soup version 0.13-a0-3016-gcb2faac (webtiles) character file.

56 4tharraofdagon the Digger (level 2, -1/19 HPs)
             Began as a Mummy Earth Elementalist on Sept 13, 2013.
             Slain by a scorpion (9 damage)
             ... on Level 5 of the Dungeon.
             The game lasted 00:03:29 (986 turns).

4tharraofdagon the Digger (Mummy Earth Elementalist) Turns: 986, Time: 00:03:29

HP  -1/19        AC  3     Str 11      XL: 2   Next: 79%
MP   1/4         EV 12     Int 14      God:
Gold 32          SH  0     Dex 12      Spells:  1 memorised,  2 levels left

Res.Fire  : x . .   See Invis. : .   b - 20 stones
Res.Cold  : + . .   Warding    : .   c - +0 robe
Life Prot.: + + +   Conserve   : .   (no shield)
Res.Poison: +       Res.Corr.  : .   g - +0 orc visored helmet
Res.Elec. : .       Clarity    : .   (no cloak)
Sust.Abil.: . .     Spirit.Shd : .   (no gloves)
Res.Mut.  : .       Stasis     : .   (no boots)
Res.Rott. : +       Flight     : .   (no amulet)
Saprovore : . . .                    (no ring)
                                     (no ring)

@: very slightly contaminated, slightly resistant to hostile enchantments,
unstealthy
A: no food or potions, fire vulnerability, restore body, cold resistance 1, life
protection 3, poison resistance, torment resistance, unbreathing
a: no special abilities


You were on level 5 of the Dungeon.
You were not hungry.

You visited 1 branch of the dungeon, and saw 5 of its levels.

You collected 12 gold pieces.

Inventory:

Hand weapons
 a - a +4,+1 dwarven hand axe of freezing (quivered)
Missiles
 b - 20 stones (in hand)
Armour
 c - a +0 robe (worn)
 g - a +0 orcish visored helmet (worn)
Scrolls
 e - 5 scrolls of identify {unknown}
 f - a scroll of curse jewellery {unknown}
 h - a scroll of fear {unknown}
Books
 d - a book of Geomancy

   Spells                             Type                      Level
   *Sandblast                         Earth                        1
   Stoneskin                          Transmutation/Earth          2
   Passwall                           Transmutation/Earth          3
   Stone Arrow                        Conjuration/Earth            3
   Petrify                            Transmutation/Earth          4
   Lee's Rapid Deconstruction         Earth                        5


   Skills:
 - Level 1.5 Dodging
 - Level 1.5 Stealth
 + Level 1.3 Spellcasting
   Level 0.7 Transmutations
 * Level 3.2 Earth Magic


You had 2 spell levels left.
You knew the following spells:

 Your Spells              Type           Power        Failure   Level  Hunger
a - Sandblast             Erth           #.....       10%         1    N/A

Dungeon Overview and Level Annotations

Branches:
Dungeon (5/27)
 Temple: D:4-7

Altars:
Makhleb

Annotations:
D:3 Ijyb


Innate Abilities, Weirdness & Mutations

You do not eat or drink.
Your flesh is vulnerable to fire.
Your flesh is cold resistant.
You are immune to negative energy.
Your system is resistant to poisons.
You are immune to unholy pain and torment.
You can survive without breathing.


Message History

The scorpion stings you.
Casting: Sandblast
Confirm with . or Enter, or press ? or * to list all spells.
Aiming: Sandblast
Press: ? - help, Shift-Dir - straight line, f/p - scorpion
Aim: a scorpion (almost dead)
You miscast Sandblast.
You are very lightly contaminated with residual magic.
Nothing appears to happen.
The scorpion misses you.
Casting: Sandblast
Confirm with . or Enter, or press ? or * to list all spells.
Aiming: Sandblast
Press: ? - help, Shift-Dir - straight line, f/p - scorpion
Aim: a scorpion (almost dead)
The rocky blast hits the scorpion.
The scorpion is almost dead.
The scorpion misses you.
Unknown command.
The scorpion stings you!
You die...

###### ########.....
######...........#
.................# ####
#...............#
....##...............####.####.
.............(..............$..
...............(...(..#)#......
###...###......s@.)...#... ..#
#...###.............#....# #
#...<...............#....#
#...####............#......
#...# #............#..#.#
...... ..............#..#.
###...# ###############. #...#
#...#


You could see a scorpion.

Vanquished Creatures
  An adder (D:3)
  2 giant geckos
  An orc (D:5)
  A hobgoblin (D:1)
  2 kobolds
  A giant cockroach (D:5)
  4 goblins
  A rat (D:3)
13 creatures vanquished.

Notes
Turn   | Place    | Note
--------------------------------------------------------------
     0 | D:1      | 4tharraofdagon, the Mummy Earth Elementalist, began the quest for the Orb.
     0 | D:1      | Reached XP level 1. HP: 13/13 MP: 3/3
   412 | D:3      | Noticed Ijyb
   436 | D:2      | Reached XP level 2. HP: 11/19 MP: 2/4
   706 | D:3      | Reached skill level 3 in Earth Magic
   857 | D:4      | Found a burning altar of Makhleb.
   903 | D:5      | Entered Level 5 of the Dungeon
   986 | D:5      | Slain by a scorpion

Action                   || total
-------------------------++-------
Melee: Hand axe          ||    31
 Cast: Sandblast         ||    16
